 Dungeon Crawl Stone Soup version 0.25-a0-566-g062765be81 (webtiles) character file.

Game seed: 4714441492847736935, levelgen mode: deterministic

20 Arthanis the Firebug (level 2, -2/15 HPs)
             Began as a Deep Elf Fire Elementalist on Feb 28, 2020.
             Slain by a leopard gecko (5 damage)
             ... on level 1 of the Dungeon.
             The game lasted 00:01:37 (486 turns).

Arthanis the Firebug (Deep Elf Fire Elementalist)    Turns: 486, Time: 00:01:37

Health: -2/15      AC:  2    Str:  5    XL:     2   Next: 58%
Magic:  1/8        EV: 13    Int: 19    God:
Gold:   15         SH:  0    Dex: 15    Spells: 6/7 levels left

rFire    . . .     SeeInvis .   g - +0 short sword
rCold    . . .     Gourm    .   (no shield)
rNeg     . . .     Faith    .   a - +0 robe
rPois    .         Spirit   .   (no helmet)
rElec    .         Reflect  .   (no cloak)
rCorr    .         Harm     .   (no gloves)
MR       .....                  (no boots)
Stlth    ++........             (no amulet)
HPRegen  0.05/turn              (no ring)
MPRegen  0.11/turn              (no ring)

@: very slightly contaminated
A: no striking features
a: no special abilities


You were on level 1 of the Dungeon.
You were not hungry.

You visited 1 branch of the dungeon, and saw 1 of its levels.

You collected 15 gold pieces.

Inventory:

Hand Weapons
 g - a +0 short sword (weapon)
Armour
 a - a +0 robe (worn)
Scrolls
 b - 2 scrolls of remove curse {unknown}
 e - a scroll of immolation {unknown}
 h - a scroll of identify {unknown}
 j - a scroll of teleportation {unknown}
Potions
 d - 2 potions of cancellation {unknown}
 i - a potion of lignification {unknown}
Comestibles
 c - 3 rations
 f - 2 chunks of flesh


   Skills:
 - Level 2.4 Dodging
 - Level 2.4 Stealth
 + Level 3.3 Spellcasting
 * Level 2.0 Conjurations
 * Level 3.7 Fire Magic


You had 6 spell levels left.
You knew the following spells:

 Your Spells              Type           Power        Failure   Level  Hunger
a - Foxfire               Conj/Fire      ##..         4%          1    None

Your spell library contained the following spells:

 Spells                   Type           Power        Failure   Level  Hunger
 Conjure Flame            Conj/Fire      ##......     14%         3    ###....
 Inner Flame              Hex/Fire       ##......     21%         3    ###....
 Sticky Flame             Conj/Fire      ##......     41%         4    ####...
 Fireball                 Conj/Fire      ##........   77%         5    ######.


Dungeon Overview and Level Annotations

Branches:
Dungeon (1/15)

Altars:


Message History

Your foxfire dissipates!
The foxfire hits the goblin.
You kill the goblin!
Casting: Foxfire (safe; 4% risk of failure)
Confirm with . or Enter, or press ? or * to list all spells.
You conjure some foxfire!
The leopard gecko bites you.
The foxfire hits the leopard gecko.
The leopard gecko is heavily wounded.
Casting: Foxfire (safe; 4% risk of failure)
Confirm with . or Enter, or press ? or * to list all spells.
You conjure some foxfire!
The leopard gecko misses you.
Your foxfire dissipates!
The foxfire hits the leopard gecko.
The leopard gecko is almost dead.
The leopard gecko bites you.
* * * LOW HITPOINT WARNING * * *
Casting: Foxfire (safe; 4% risk of failure)
Confirm with . or Enter, or press ? or * to list all spells.
You conjure some foxfire!
The leopard gecko bites you.
You die...

###......#........#..
#........#........#.#
#...####.#......).#.. #
#######...#....#........#.. #.
..)#.'...+....#........'..
####.####.#.#...#....#........#..
................'....##########..
###....##.#..####...............#
...............l@...........##.##
..........##.##vv....#.#..####...
###.....#...v........#.#........#
#.....#....#.#####.#.#.....####
#.....#.##ยง#...................
......%#......#########......###
.######.##...... #...<......)....
#.. .........#####.......#. ###
.....................#.


You could see a leopard gecko.

Vanquished Creatures
  A leopard gecko (D:1)
  3 goblins (D:1)
  2 hobgoblins (D:1)
  3 kobolds (D:1)
  6 bats (D:1)
  A frilled lizard (D:1)
  A rat (D:1)
17 creatures vanquished.

Vanquished Creatures (others)
  31 foxfires (D:1)
31 creatures vanquished.

Grand Total: 48 creatures vanquished

Notes
Turn   | Place    | Note
-------+----------+-------------------------------------------
     0 | D:1      | Arthanis the Deep Elf Fire Elementalist began the quest for
                  | the Orb.
     0 | D:1      | Reached XP level 1. HP: 10/10 MP: 6/6
    84 | D:1      | Reached XP level 2. HP: 14/15 MP: 4/8
   486 | D:1      | Slain by a leopard gecko

Levels and vault maps discovered:
D:1:      dpeg_arrival_tiny_i, layout_basic, minivault_27, minivault_25,
          corexii_corridor_pit

Skill      XL: |  1  2 |
---------------+-------+-----
Conjurations   | 2 |  2.0
Dodging        | |  2.4
Stealth        | |  2.4
Spellcasting   | |  3.3
Fire Magic     | |  3.7

Action                   || total
-------------------------++-------
Melee: Unarmed           ||     3
       Short sword       ||     3
 Cast: Foxfire           ||    25
 Stab: Sleeping          ||     2
Armor: Robe              ||    13
Dodge: Dodged            ||    42

Table legend:
 A = Non-vault XP
 B = Vault XP
 C = Vault XP percentage of total XP
 D = Non-vault monster count
 E = Vault monster count
 F = Vault count percentage of total count
                 A         B        C        D         E       F
            +---------+---------+-------+---------+---------+-------
      Total |      29 |       0 |   0.0 |      17 |       0 |   0.0
            +---------+---------+-------+---------+---------+-------
        D:1 |      29 |       0 |   0.0 |      17 |       0 |   0.0
            +---------+---------+-------+---------+---------+-------
